← All builds
Tech / Armada / Economy first / OBSERVED BUILD

Standard tech

Standard Tech play: rush T2 factory and constructor by ~4:15-4:33, upgrade the first mexes to advanced, and hand off constructors and army to Geo and allies while scaling eco over the game.

Usually first T2 con to Geo (85%)

#eco #t2 #team support · 732 distinct matches · 105 players · 59% of Armada Tech games · team won 53% of 850 · Recently observed

HOW TO PLAY IT

Key timing: T2 lab by 4:15

  1. Take 3 mex, then wind and a Bot Lab to open eco fast.
  2. Push T2 lab out, aim to pass T2 to air player.
  3. Get first T2 constructor building, prioritize mex upgrades over eco.
  4. Finish Advanced Metal Extractor, keep upgrading team's mex.
  5. Add fus and anti-nuke, keep feeding T2 cons and Umbrella/Citadel to team.

Phase by phase

TYPICAL OF ITS 732 GAMES
  1. 1
  2. 2
  3. 3
  4. 4
PLAY THE OPENING

Follow the example game's first 6:00 step by step: what to build now, what comes next, and where it goes. At 1× it keeps pace with your own game.

  1. 1

    Up to the Bot Lab

    Economy
    • Metal Extractor3Mex
    • Wind Turbine4Wind
    Order
    1. Bot LabBot Lab after 3 mex, 4 winddone ~1:17, middle half 1:13–1:32

    By 1:01 in all: 3 mex · 4 wind

    The example game in this phase · 6 steps
    1. Mex
    2. Windfor Front
    3. Mex ×2
    4. Wind ×4
    5. Energy storage
    6. Bot LabBot Labdone 1:37 · typical 1:17
  2. 2

    Bot Lab to Advanced Bot Lab

    Economy
    • Metal Extractor1Mex
    • Wind Turbine8Wind
    • Energy Storage1Energy storage
    Order
    1. Advanced Bot LabAdvanced Bot Lab after 4 mex, 12 wind, 3 con turretdone ~4:15, middle half 4:04–4:27
    Builders
    • Construction Turret3 Con turret
    • Lazarus3 Lazarus
    • Construction Bot2 Con bot
    • Construction Bot1 Con bot for allies

    Some games also: converter (36%)

    By 3:20 in all: 4 mex · 12 wind · 1 energy storage · 3 con turret

    The example game in this phase · 14 steps
    1. Construction BotCon bot
    2. LazarusLazarus ×2
    3. Construction BotCon bot
    4. LazarusLazarus
    5. Mex
    6. Con turret
    7. Wind
    8. Con turret
    9. Wind ×2
    10. Con turret
    11. Wind ×2
    12. Converter ×2
    13. Wind ×2
    14. Advanced Bot LabAdvanced Bot Labdone 4:10 · typical 4:15
  3. 3

    Advanced Bot Lab to 5:00

    Economy
    • Wind Turbine2Wind
    Builders
    • Advanced Construction Bot1 T2 con bot for allies

    Some games also: converter (35%)

    By 5:00 in all: 4 mex · 15 wind · 2 converter · 1 energy storage · 3 con turret

    The example game in this phase · 7 steps
    1. Wind ×3
    2. Advanced Construction BotT2 con botfor Geo
    3. Wind
    4. FatboyFatboyfor Ponddone 4:49
    5. Wind
    6. Advanced Metal ExtractorT2 mexdone 5:14 · typical 5:28
    7. Wind
  4. 4

    5:00 to 10:00

    Economy
    • Wind Turbine44Wind
    • Energy Converter6Converter
    Builders
    • Butler8 Butler
    • Advanced Construction Bot4 T2 con bot for allies
    • Advanced Construction Bot1 T2 con bot

    Some games also: con turret (47%) · Butler for allies (38%)

    By 10:00 in all: 4 mex · 59 wind · 8 converter · 1 energy storage · 3 con turret

    The example game in this phase · 109 steps
    1. Wind ×2
    2. Advanced Construction BotT2 con botfor Air
    3. Wind ×4
    4. Advanced Metal ExtractorT2 mex
    5. Wind
    6. Advanced Metal ExtractorT2 mex
    7. Wind ×2
    8. CompassRadar bot
    9. Advanced Construction BotT2 con botfor Suicide front
    10. Wind
    11. ButlerButler ×2
    12. Advanced Metal ExtractorT2 mex
    13. Advanced Construction BotT2 con bot ×2for Front
    14. Wind ×4
    15. Advanced Construction BotT2 con botfor Beach sea
    16. Wind ×4
    17. Advanced Construction BotT2 con botfor Pond
    18. Wind ×5
    19. ButlerButler
    20. Wind ×2
    21. ButlerButler
    22. Wind ×2
    23. ButlerButler
    24. Wind ×2
    25. ButlerButler
    26. Wind ×2
    27. ButlerButler
    28. Wind ×2
    29. ButlerButler
    30. Wind ×7
    31. Converter
    32. Wind ×4
    33. Converter
    34. Advanced Construction BotT2 con bot
    35. Wind ×7
    36. Converter
    37. Wind ×4
    38. Converter
    39. Wind ×3
    40. Con turret
    41. Wind ×10
    42. Con turret
    43. T2 converter
    44. Wind ×5
    45. Con turret
    46. Wind ×3
    47. Converter
    48. Wind ×3
    49. Con turret
    50. Wind ×4
    51. Con turret
    52. Wind ×24
    53. Converter
    54. Wind ×5
    55. Con turret
    56. Wind
    57. T2 converter
    58. Wind ×3
    59. Con turret
    60. Wind ×17
    61. Con turret
    62. Wind ×3
    63. Converter
    64. Wind ×8
    65. T2 converter
    66. Wind ×3
    67. Con turret
    68. Wind ×21
    69. Converter
    70. Wind ×2
    71. T2 converter
    72. Wind ×3
    73. Converter
    74. Wind ×14
    75. Con turret
    76. Wind ×6
    77. Converter
    78. TracerTracer
    79. Wind ×2
    80. Advanced Construction BotT2 con bot
    81. Converter
    82. Wind ×14
    83. Converter
    84. Wind
    85. Converter
    86. Wind ×8
    87. Advanced Construction BotT2 con bot
    88. Wind ×11
    89. T2 converter
    90. Con turret
    91. Wind ×20
    92. Con turret
    93. Wind ×3
    94. CitadelAnti-nukedone 14:35
    95. Wind ×7
    96. Con turret
    97. Wind ×13
    98. T2 converter
    99. Wind ×19
    100. T2 converter
    101. Wind ×14
    102. ArbalestArbalest
    103. Wind ×4
    104. T2 converter
    105. Wind ×7
    106. Con turret
    107. Wind ×9
    108. Con turret
    109. Wind ×3

Counts are medians over the build's games: half of them build more, half fewer. The example game is Adeus's (37 OS, 26/09/2026); pick another.

Team trades

IN AT LEAST 30% OF ITS GAMES

You hand over

  • Construction Bot1 Con bot to Airfirst at 2:23 · in 88% of games
  • Advanced Construction Bot5 T2 con bot to Air or Geo sea or Pondfirst at 4:47 · in 99% of games
  • Sharpshooter2 Sniper bot to Pondfirst at 5:21 · in 33% of games
  • Butler2 Butler to Geo sea or Beach sea or Pondfirst at 9:03 · in 42% of games

You get

  • Hercules1 Light transport from Airfirst at 4:00 · in 86% of games

How it plays out

Typical game of this build, running totals by minute

Metal produced

020k40k
0:005:0010:0015:00

metal

Enemy metal destroyed

0200400
0:005:0010:0015:00

metal

Own metal lost

0100200300
0:005:0010:0015:00

metal

850 games.

Show as table
ByMetal produced: This buildEnemy metal destroyed: This buildOwn metal lost: This build
1:0038300
2:0091500
3:00164100
4:00315000
5:00486400
6:00581300
7:00724600
8:00910500
9:001126400
10:001358500
11:001641200
12:002000600
13:002373000
14:0027484110130
15:0031535348260
WHAT THE NUMBERS SAY

This is the role's baseline and wins slightly more than half its games with a huge metal lead but almost no kills, showing its value is economic not combat.

  • + Produces 31389 metal by 15:00, far above other roles.
  • + Reaches T2 lab and constructor by 4:15-4:33 almost every game.
  • − Barely destroys any enemy metal (400 by 15:00), no combat presence.
  • − Fusion Reactor and anti-nuke only land in 44% of games.
THE EXAMPLE YOU ARE READING

Adeus

36.9 OS · 26/09/2026

Open source match ↗

2 received units
3442 metal received · 57587 energy received

Allied construction assistance is unknown. Timings are observations, not a promise of solo reproducibility.

Typical milestones

Bot Lab1:17Middle 50%: 1:13–1:32 · n=850
Advanced Bot Lab4:15Middle 50%: 4:04–4:27 · n=844
Advanced Metal Extractor5:28Middle 50%: 5:06–5:58 · n=848

Played most by

Amrissa100games of this buildSyphos39games of this buildKOT_38games of this buildAdeus33games of this buildTeaner31games of this build